 Dungeon Sprint DCSS version 0.18-a0-1788-g92de1ac (webtiles) character file.

258 Kidiri the Covert (level 5, 0/25 (28) HPs)
             Began as a Spriggan Enchanter on Apr 19, 2016.
             Slain by a necrophage (5 damage)
             ... in the Dungeon (Sprint II: "The Violet Keep of Menkaure").
             The game lasted 00:02:20 (141 turns).

Kidiri the Covert (Spriggan Enchanter)               Turns: 141, Time: 00:02:21

HP:   0/25 (28)     AC:  3    Str:  4    XL:     5   Next: 94%
MP:   13/15         EV: 23    Int: 17    God:
Gold: 243           SH:  0    Dex: 17    Spells: 1 memorised, 16 levels left

rFire  . . .     SeeInvis +     a - +1 dagger
rCold  . . .     Gourm    .     b - +1 robe
rNeg   . . .     Faith    .     (shield restricted)
rPois  .         Spirit   .     (helmet restricted)
rElec  .         Dismiss  .     (no cloak)
rCorr  .         Reflect  .     (gloves unavailable)
SustAt .         Harm     .     (boots unavailable)
MR     .....     NoTele   +     (no amulet)
Stlth  +++++.....               (no ring)
                                (no ring)

@: hasted, very quick, not resistant to hostile enchantments, quite stealthy
A: unfitting armour, see invisible, herbivore 3, speed 3, slow metabolism 2
a: no special abilities


You were in the Dungeon.
You were not hungry.

You visited 1 branch You collected 243 gold pieces.

Inventory:

Hand Weapons
 a - a +1 dagger (weapon)
Armour
 b - a +1 robe (worn)
Scrolls
 j - a scroll of blinking
Potions
 h - 2 potions of magic
Books
 c - a book of Maledictions

   Spells                             Type                      Level
   a - Corona                         Hexes                        1
   b - Ensorcelled Hibernation        Hexes/Ice                    2
   c - Confuse                        Hexes                        3
   d - Tukima's Dance                 Hexes                        3
   e - Dazzling Spray                 Conjuration/Hexes            3
Comestibles
 d - a bread ration


   Skills:
 + Level 2.8 Fighting
 * Level 5.7 Short Blades
 + Level 2.5 Armour
 * Level 8.0 Dodging
 * Level 9.3 Stealth
 * Level 6.8 Spellcasting
 + Level 5.6 Hexes


You had 16 spell levels left.
You knew the following spells:

 Your Spells              Type           Power        Failure   Level  Hunger
a - Corona                Hex            ###....      1%          1    None


Dungeon Overview and Level Annotations

Branches:
Dungeon (1/1)

Altars:


Innate Abilities, Weirdness & Mutations

You are tiny and cannot use many weapons and most armour.
You have supernaturally acute eyesight.
You are a herbivore.
You cover ground extremely quickly.
You need consume almost no food.


Message History

Confirm with . or Enter, or press ? or * to list all spells.
Aiming: Corona
Press: ? - help, Shift-Dir - straight line, f/p - necrophage
Aim: a necrophage (lightly damaged, chance to defeat MR: 47%)
The necrophage is outlined in light.
The necrophage misses you.
You hit the necrophage.
The necrophage is lightly damaged.
The necrophage misses you.
You hit the necrophage.
The necrophage is moderately damaged.
The necrophage hits you.
* * * LOW HITPOINT WARNING * * *
You hit the necrophage but do no damage.
The necrophage is moderately damaged.
The necrophage hits you.
* * * LOW HITPOINT WARNING * * *
Your flesh rots away! x2
Drink which item? (? for menu, Esc to quit)
You feel yourself speed up. The necrophage hits you.
You die...

##+##
##...##
#.n#..#
##@#n##
##'##
##.##
+.<.+
##.##
#+#


You could see a necrophage.

Vanquished Creatures
  3 necrophages (D)
3 creatures vanquished.

Notes
Turn   | Place    | Note
--------------------------------------------------------------
     0 | D        | Kidiri the Spriggan Enchanter began the quest for the Orb.
     0 | D        | Reached XP level 1. HP: 9/9 MP: 5/5
     1 | D        | Noticed a necrophage
     1 | D        | Noticed a necrophage
     1 | D        | Noticed a necrophage
     1 | D        | Noticed a necrophage
     9 | D        | Killed a necrophage
     9 | D        | Reached skill level 1 in Fighting
     9 | D        | Reached skill level 1 in Armour
     9 | D        | Reached skill level 5 in Dodging
     9 | D        | Reached skill level 7 in Stealth
     9 | D        | Reached skill level 5 in Spellcasting
     9 | D        | Reached XP level 2. HP: 9/13 MP: 5/9
     9 | D        | Reached XP level 3. HP: 12/16 MP: 5/10
     9 | D        | Reached XP level 4. HP: 16/21 MP: 6/12
    20 | D        | Killed a necrophage
    20 | D        | Reached skill level 5 in Short Blades
    20 | D        | Reached skill level 8 in Stealth
    20 | D        | Reached skill level 5 in Hexes
    20 | D        | Reached XP level 5. HP: 8/25 MP: 7/14
    48 | D        | Killed a necrophage
    48 | D        | Reached skill level 9 in Stealth
   141 | D        | Slain by a necrophage

Vault maps used:
D:        the_violet_keep_of_menkaure

Skill      XL: |  1  2  3  4  5 |
---------------+----------------+-----
Fighting       | 1 2 |  2.8
Short Blades   | 4 5 |  5.7
Armour         | 1 2 |  2.5
Dodging        | 5 7 8 |  8.0
Stealth        | 7 8 9 |  9.3
Spellcasting   | 5 6 |  6.8
Hexes          | 4 5 |  5.6

Action                   |  1- 3 |  4- 6 || total
-------------------------+-------+-------++-------
Melee: Dagger            |     6 |    33 ||    39
 Cast: Corona            |       |    10 ||    10
  Use: Potion            |     1 |     3 ||     4
Armor: Robe              |     1 |     2 ||     3
Dodge: Dodged            |     1 |    44 ||    45
